 Dungeon Crawl Stone Soup version 0.29-a0-92-gee772dd00f (webtiles) character file.

Game seed: 17763777378115205990

3247 Patagonicus the Grappler (level 9, -2/85 HPs)
             Began as a Troll Berserker on Feb 9, 2022.
             Was an Elder of Trog.
             Slain by a killer bee (8 damage)
             ... on level 8 of the Dungeon.
             The game lasted 00:17:56 (5185 turns).

Patagonicus the Grappler (Troll Berserker)          Turns: 5185, Time: 00:17:57

Health: -2/85      AC:  7    Str: 29    XL:     9   Next: 67%
Magic:  8/8        EV: 11    Int:  5    God:    Trog [****..]
Gold:   372        SH:  0    Dex:  9    Spells: 8/8 levels left

rFire   + . .      SeeInvis .     - Unarmed
rCold   x . .      Faith    .   (no shield)
rNeg    . . .      Spirit   .   D - +0 steam dragon scales
rPois   .          Reflect  .   (helmet restricted)
rElec   .          Harm     .   (no cloak)
rCorr   .          Rampage  .   (gloves unavailable)
Will    .....                   (boots unavailable)
Stlth   ++........              (no amulet)
HPRegen 1.04/turn               y - ring of fire
MPRegen 0.11/turn               (no ring)

@: lethally poisoned (-2 -> -4)
A: large, unfitting armour, claws 3, regeneration 1, shaggy fur 1, tough skin 1
a: Renounce Religion, Berserk, Trog's Hand, Brothers in Arms


You were on level 8 of the Dungeon.
You worshipped Trog.
Trog was greatly pleased with you.
You visited 1 branch of the dungeon, and saw 8 of its levels.
You also visited: Sewer.

You collected 372 gold pieces.

Inventory:

Armour
 D - +0 steam dragon scales (worn)
Jewellery
 c - an amulet of faith
 y - a ring of fire (left claw)
Wands
 t - a wand of paralysis (4)
 x - a wand of digging (7)
Scrolls
 d - 3 scrolls of noise {unknown}
 e - 7 scrolls of identify {unknown}
 f - 3 scrolls of fog {unknown}
 i - 5 scrolls of teleportation {unknown}
 j - a scroll of silence {unknown}
 l - 2 scrolls of amnesia {unknown}
 m - a scroll of enchant armour {unknown}
 p - a scroll of torment {unknown}
 r - a scroll of summoning {unknown}
 v - a scroll of brand weapon {unknown}
 w - 2 scrolls of blinking {unknown}
 B - 2 scrolls of fear {unknown}
 C - a scroll of vulnerability {unknown}
Potions
 b - 4 potions of curing
 g - a potion of magic {unknown}
 h - 4 potions of attraction {unknown}
 k - 2 potions of might {unknown}
 n - a potion of resistance {unknown}
 o - 2 potions of cancellation {unknown}
 q - a potion of heal wounds {unknown}
 s - 2 potions of brilliance {unknown}
 u - a potion of lignification {unknown}
 z - a potion of berserk rage {unknown}
 A - 2 potions of mutation {unknown}


   Skills:
 + Level 4.5 Fighting
 + Level 6.0 Dodging
 + Level 2.2 Stealth
 + Level 10.8 Unarmed Combat


You had 8 spell levels left.
You didn't know any spells.
Your spell library was empty.

Dungeon Overview and Level Annotations

Branches:
Dungeon (8/15)             Temple (0/1) D:7           Sewer (visited)
   Lair: D:8-11

Altars:

Shops:
D:7 *


Innate Abilities, Weirdness & Mutations

You are too large for most types of armour.
You have claws for hands.
Your natural rate of healing is unusually fast.
You are covered in fur. (AC +1)
You have tough skin. (AC +1)


Message History

You feel very sick. The killer bee barely misses you.
The killer bee stings you but does no damage. x2
You miss the killer bee. Your claw misses the killer bee.
The killer bee is almost dead.
You feel very sick. The killer bee stings you.
You are more poisoned.
The killer bee poisons you! The killer bee stings you.
* * * LOW HITPOINT WARNING * * *
The killer bee barely misses you. The killer bee stings you!
* * * LOW HITPOINT WARNING * * *
You are lethally poisoned!
The killer bee poisons you! The killer bee barely misses you.
The killer bee stings you but does no damage.
You feel better. The killer bee stings you.
* * * LOW HITPOINT WARNING * * *
The killer bee barely misses you. The killer bee closely misses you.
The killer bee barely misses you.
The killer bee stings you but does no damage.
The killer bee stings you.
* * * LOW HITPOINT WARNING * * *
The killer bee barely misses you. x2; The killer bee stings you.
* * * LOW HITPOINT WARNING * * *
You barely miss the killer bee.
The killer bee is almost dead.
The killer bee misses you. The killer bee closely misses you.
The killer bee barely misses you. x2; The killer bee stings you!
* * * LOW HITPOINT WARNING * * *
The killer bee stings you but does no damage.
You scratch the killer bee.
You kill the killer bee!
Trog accepts your kill. The killer bee closely misses you.
The killer bee stings you.
* * * LOW HITPOINT WARNING * * *
You are poisoned.
The killer bee poisons you!
You feel very sick. The killer bee stings you!
You die...

#......##########
#......#.........
#......#.........
#......#.........
#......#.........
.#####......#.........
.............#†....#
..........)).#@yy..##+#
...........).#.........
..........)..#.........
.............#.........
.............'.........
.............#.........
.##+##......#.........
#......#.....##..
#......#.....# .|


You could see 2 killer bees.

Vanquished Creatures
  Sigmund (D:5)
  A steam dragon (D:7)
  Duvessa (D:5)
  2 ice beasts (D:7)
  A sky beast (D:3)
  A black bear (D:7)
  A necrophage (D:4)
  An ogre (D:7)
  A phantom (D:5)
  2 bullfrogs (D:6)
  4 scorpions
  A wyvern skeleton (D:5)
  Dowan (D:5)
  9 killer bees
  8 wights
  A centaur zombie (D:7)
  2 hounds
  2 jellies
  3 orc priests (D:5)
  A centaur skeleton (D:6)
  Ijyb (D:4)
  5 bullfrog skeletons
  6 iguanas
  4 orc wizards
  8 gnolls
  14 adders
  A howler monkey skeleton (D:7)
  2 river rats
  2 white imps
  An ufetubus (D:6)
  4 worms
  2 dart slugs
  15 orcs
  11 ball pythons
  7 endoplasms
  10 giant cockroaches
  8 goblins
  10 hobgoblins
  9 jackals
  10 kobolds
  4 quokkas
  8 bats
  8 frilled lizards
  8 rats
202 creatures vanquished.

Vanquished Creatures (others)
  A bush (D:7)
1 creature vanquished.

Grand Total: 203 creatures vanquished

Notes
Turn   | Place    | Note
-------+----------+-------------------------------------------
     0 | D:1      | Patagonicus the Troll Berserker began the quest for the
                  | Orb.
     0 | D:1      | Reached XP level 1. HP: 22/22 MP: 0/0
     5 | D:1      | Noticed an electric eel
    96 | D:1      | Found a faded altar of an unknown god.
   148 | D:1      | Reached XP level 2. HP: 29/29 MP: 1/1
   426 | D:1      | Reached ** piety under Trog
   427 | D:1      | Reached XP level 3. HP: 36/36 MP: 2/2
   850 | D:2      | Reached skill level 4 in Unarmed Combat
   885 | D:2      | Reached XP level 4. HP: 40/44 MP: 3/3
  1343 | D:3      | Found a glowing drain.
  1347 | Sewer    | Entered a sewer
  1407 | Sewer    | Reached *** piety under Trog
  1435 | Sewer    | Reached XP level 5. HP: 52/52 MP: 4/4
  1739 | D:3      | Noticed a sky beast
  1756 | D:3      | Killed a sky beast
  1757 | D:3      | Reached skill level 5 in Unarmed Combat
  1813 | D:3      | Reached XP level 6. HP: 61/61 MP: 5/5
  2305 | D:4      | Reached skill level 6 in Unarmed Combat
  2373 | D:4      | Reached skill level 1 in Stealth
  2392 | D:4      | Noticed Ijyb
  2409 | D:4      | Killed Ijyb
  2410 | D:4      | Reached XP level 7. HP: 60/67 MP: 6/6
  2504 | D:4      | Reached **** piety under Trog
  2955 | D:5      | Entered Level 5 of the Dungeon
  2983 | D:5      | Reached skill level 7 in Unarmed Combat
  3109 | D:5      | Noticed Sigmund
  3117 | D:5      | Killed Sigmund
  3118 | D:5      | Reached XP level 8. HP: 49/76 MP: 7/7
  3208 | D:5      | Noticed Duvessa
  3208 | D:5      | Noticed Dowan
  3218 | D:5      | Killed Duvessa
  3219 | D:5      | Reached skill level 8 in Unarmed Combat
  3224 | D:5      | Killed Dowan
  3591 | D:6      | Reached skill level 5 in Dodging
  3650 | D:6      | Reached skill level 9 in Unarmed Combat
  3812 | D:6      | Reached XP level 9. HP: 62/84 MP: 8/8
  4214 | D:7      | Found Tuevoene's Lightly-Used Armoury.
  4293 | D:7      | Reached skill level 10 in Unarmed Combat
  4337 | D:7      | Found a staircase to the Ecumenical Temple.
  5185 | D:8      | Slain by a killer bee

Illustrated notes

Levels and vault maps discovered:
D:1:      arrival_aquarium_a, layout_basic,
          hellmonk_ecumenical_altar_crossroads, minmay_tiny_reverse_x
D:2:      layout_basic
D:3:      layout_rooms, gup_sewer_entry_bowl, corexii_shack, nicolae_wormholes
D:4:      layout_loops_ring, hangedman_minor_gate_pass, uniq_ijyb
D:5:      layout_rooms, dk_rats_in_the_wall, uniq_sigmund, uniq_duvessa
D:6:      layout_rooms
D:7:      layout_basic, minmay_temple_entry_grid, chequers_serial_rivers_marsh,
          nrook_uturn, st_stairs_14, minmay_hedge_maze, minmay_shop_damaged
D:8:      layout_gridville, gammafunk_temple_overflow_statue

Skill      XL: |  1  2  3  4  5  6  7  8  9 |
---------------+----------------------------+-----
Dodging        | 3 4 5 6 |  6.0
Unarmed Combat | 4 5 6 7 9 10 | 10.8
Fighting       | 3 4 |  4.5
Stealth        | 1 2 |  2.2

Action                   |  1- 3 |  4- 6 |  7- 9 || total
-------------------------+-------+-------+-------++-------
Melee: Unarmed           |   111 |   191 |   271 ||   573
       Punch             |     4 |     2 |     9 ||    15
Invok: Berserk           |     1 |     5 |     7 ||    13
  Use: Potion            |       |       |     2 ||     2
 Stab: Sleeping          |       |     3 |     3 ||     6
       Distracted        |       |       |     1 ||     1
Armor: Animal skin       |    45 |    50 |    54 ||   149
       Steam dragon scal |       |       |    29 ||    29
Dodge: Dodged            |    59 |    73 |   148 ||   280

Table legend: (Time is in decaauts)
 A = Elapsed time spent in this place.
 B = Non-inter-level travel time spent in this place.
 C = Inter-level travel time spent in this place.
 D = Time resting spent in this place.
 E = Time spent auto-exploring this place.
 F = Levels seen in this place.
 G = Mean time per level.
                   A        B        C        D        E       F      G
               +--------+--------+--------+--------+--------+-----+--------+
         Total |   5297 |   5122 |    175 |    219 |   3619 |   9 |  588.6 |
       Dungeon |   4896 |   4721 |    175 |    219 |   3419 |   8 |  612.0 |
         Sewer |    401 |    401 |      0 |      0 |    199 |   1 |  401.0 |
               +--------+--------+--------+--------+--------+-----+--------+

Top non-repeatable levels by time:
     D:7: 941 daAuts
     D:4: 841 daAuts
     D:2: 671 daAuts
     D:5: 643 daAuts
     D:3: 564 daAuts
     D:1: 560 daAuts
     D:6: 504 daAuts
   Sewer: 401 daAuts
     D:8: 168 daAuts
